 Dungeon Sprint DCSS version 0.20-a0-633-gff4aa5c (webtiles) character file.

96 LORDOFBUTT the Covert (level 4, -2/21 HPs)
             Began as a Spriggan Enchanter on Feb 12, 2017.
             Slain by a worker ant (4 damage)
             ... in the Dungeon (Sprint IX: "|||||||||||||||||||||||||||||").
             The game lasted 00:00:38 (148 turns).

LORDOFBUTT the Covert (Spriggan Enchanter)           Turns: 148, Time: 00:00:40

Health: -2/21      AC:  2    Str:  5    XL:     4   Next: 41%
Magic:  8/12       EV: 18    Int: 16    God:
Gold:   0          SH:  0    Dex: 16    Spells: 13/14 levels left

rFire    . . .     SeeInvis +   a - +1 dagger
rCold    . . .     Gourm    .   b - +0 robe
rNeg     . . .     Faith    .   (shield restricted)
rPois    .         Spirit   .   (helmet restricted)
rElec    .         Reflect  .   (no cloak)
rCorr    .         Harm     .   (gloves unavailable)
MR       .....     NoTele   +   (boots unavailable)
Stlth    +++++.....             (no amulet)
Regen    0.1/turn               (no ring)
                                (no ring)

@: lethally poisoned (-2 -> -16), exhausted, slowed, quick
A: unfitting armour, see invisible, herbivore 3, speed 3, slow metabolism 2
a: no special abilities


You were in the Dungeon.
You were not hungry.

You visited 1 branch

Inventory:

Hand Weapons
 a - a +1 dagger (weapon)
Armour
 b - a +0 robe (worn)
Scrolls
 j - a scroll of blinking
Potions
 e - a potion of curing
 g - a potion of haste
 h - 2 potions of magic
Books
 c - a book of Maledictions

   Spells                             Type                      Level
   a - Corona                         Hexes                        1
   b - Ensorcelled Hibernation        Hexes/Ice                    2
   c - Confuse                        Hexes                        3
   d - Tukima's Dance                 Hexes                        3
   e - Dazzling Spray                 Conjuration/Hexes            3
Comestibles
 d - a bread ration


   Skills:
 - Level 1.1 Short Blades
 - Level 3.0 Dodging
 * Level 10.6 Stealth
 + Level 5.8 Spellcasting
 + Level 6.3 Hexes


You had 13 spell levels left.
You knew the following spells:

 Your Spells              Type           Power        Failure   Level  Hunger
a - Corona                Hex            ###....      1%          1    None


Dungeon Overview and Level Annotations

Branches:
Dungeon (1/1)

Altars:


Innate Abilities, Weirdness & Mutations

You are very small and have problems with some larger weapons.
You are too small for most types of armour.
You have supernaturally acute eyesight. (SInv)
You are a herbivore.
You cover ground extremely quickly.
You need consume almost no food.


Message History

You feel sick. The worker ant closely misses you.
The worker ant barely misses you.
You hit the worker ant but do no damage.
The worker ant is heavily wounded.
* * * LOW HITPOINT WARNING * * *
You feel sick.
The worker ant bites you but does no damage.
The worker ant barely misses you.
You hit the worker ant but do no damage.
The worker ant is heavily wounded.
* * * LOW HITPOINT WARNING * * *
You feel sick. The worker ant bites you.
* * * LOW HITPOINT WARNING * * *
You barely miss the worker ant.
The worker ant is heavily wounded.
The worker ant bites you.
* * * LOW HITPOINT WARNING * * *
You are more poisoned.
The worker ant poisons you! The worker ant bites you.
You die... ▓▓▓▓▓▓▓▓▓▓▓▓▓▓▓▓▓▓ ▓<...@asa..'.s.a.+ ▓▓▓▓▓▓▓▓▓▓▓▓▓▓▓▓▓▓

You could see 2 worker ants and a giant cockroach.

Vanquished Creatures
  A phantom (D)
  A leopard gecko (D)
  An orc (D)
  A hobgoblin (D)
  A jackal (D)
  A kobold (D)
  A bat (D)
7 creatures vanquished.

Notes
Turn   | Place    | Note
-------+----------+-------------------------------------------
     0 | D        | LORDOFBUTT the Spriggan Enchanter began the quest for the Orb.
     0 | D        | Reached XP level 1. HP: 9/9 MP: 5/5
     5 | D        | Reached skill level 5 in Stealth
    43 | D        | Reached skill level 6 in Stealth
   109 | D        | Noticed a phantom
   109 | D        | Noticed a worker ant
   109 | D        | Noticed a worker ant
   125 | D        | Reached XP level 2. HP: 4/13 MP: 5/7
   139 | D        | Killed a phantom
   139 | D        | Reached skill level 10 in Stealth
   139 | D        | Reached skill level 5 in Spellcasting
   139 | D        | Reached XP level 3. HP: 9/16 MP: 6/11
   139 | D        | Reached XP level 4. HP: 12/21 MP: 6/12
   148 | D        | Slain by a worker ant

Vault maps used:
D:        linesprint

Skill      XL: |  1  2 |
---------------+-------+-----
Stealth        | 6 10 | 10.6
Spellcasting   | 3 5 |  5.8
Hexes          | 4 6 |  6.3
Short Blades   | |  1.1
Dodging        | |  3.0

Action                   |  1- 3 |  4- 6 || total
-------------------------+-------+-------++-------
Melee: Dagger            |    55 |     9 ||    64
  Use: Potion            |     2 |       ||     2
 Stab: Sleeping          |     1 |       ||     1
Armor: Robe              |     2 |     1 ||     3
Dodge: Dodged            |    43 |     7 ||    50
